 Dungeon Crawl Stone Soup version 0.22-a0-305-gd21a89c (webtiles) character file.

5888 corax the Slinger (level 11, -13/72 HPs)
             Began as a Halfling Hunter on Mar 31, 2018.
             Was a High Priest of Okawaru.
             Mangled by a small abomination (14 damage)
             ... on level 8 of the Dungeon.
             The game lasted 00:31:03 (7885 turns).

corax the Slinger (Halfling Hunter)                 Turns: 7885, Time: 00:31:04

Health: -13/72     AC: 10    Str: 13    XL:     11   Next: 8%
Magic:  11/11      EV: 21    Int:  9    God:    Okawaru [*****.]
Gold:   552        SH:  0    Dex: 22    Spells: 10/10 levels left

rFire    . . .     SeeInvis .   b - +3 sling "Punk" {acid, rCorr}
rCold    . . .     Gourm    .   (shield restricted)
rNeg     . . .     Faith    .   c - +1 leather armour
rPois    .         Spirit   .   x - +2 hat
rElec    +         Reflect  .   (no cloak)
rCorr    +         Harm     +   (no gloves)
MR       .....                  m - +2 pair of boots {run}
Stlth    ++++......             G - amulet of harm
HPRegen  0.22/turn              l - ring of stealth
MPRegen  0.12/turn              u - ring "Wyzubb" {rCorr rElec Dex+3 Stlth-}

@: quick
A: small, mutation resistance 1
a: Heroism, Finesse, Renounce Religion


You were on level 8 of the Dungeon.
You worshipped Okawaru.
Okawaru was extremely pleased with you.
You were not hungry.

You visited 1 branch of the dungeon, and saw 8 of its levels.
You also visited: Ossuary.

You collected 552 gold pieces.

Inventory:

Hand Weapons
 a - a +4 dagger of protection
 b - the +3 sling "Punk" (weapon) {acid, rCorr}
   (You acquired it in an ossuary)

   It protects you from acid and corrosion.
 j - a +1 hunting sling of velocity
 y - a +0 blowgun
Missiles
 d - 99 sling bullets
 i - 124 stones (quivered)
 q - 39 poisoned needles
Armour
 c - a +1 leather armour (worn)
 m - a +2 pair of boots of running (worn)
 x - a +2 hat (worn)
Jewellery
 k - a +5 ring of intelligence
 l - a ring of stealth (left hand)
 s - an uncursed ring of poison resistance
 u - the ring "Wyzubb" (right hand) {rCorr rElec Dex+3 Stlth-}
   (You found it on level 4 of the Dungeon)

   [ring of resist corrosion]

   It affects your dexterity (+3).
   It insulates you from electricity.
   It makes you less stealthy.
 B - a cursed ring of teleportation {unknown}
 G - an amulet of harm (around neck)
 H - an uncursed ring of protection from fire
 J - an uncursed amulet of the acrobat {unknown}
 L - a +5 ring of strength {unknown}
Wands
 D - a wand of iceblast (23)
 F - a wand of clouds (7)
Scrolls
 e - a scroll of fear {unknown}
 h - 2 scrolls of identify
 n - 8 scrolls of teleportation
 p - a scroll of enchant weapon {unknown}
 t - 2 scrolls of fog
 w - a scroll of magic mapping
 E - a scroll of torment {unknown}
Potions
 g - 2 potions of brilliance
 r - a potion of berserk rage
 v - 5 potions of curing
 z - 2 potions of agility
 A - 2 potions of might
 C - 2 potions of haste
 I - a potion of magic {unknown}
Comestibles
 f - 10 rations


   Skills:
 + Level 6.0 Fighting
 + Level 7.6 Short Blades
 + Level 11.1 Slings
 + Level 6.8 Armour
 + Level 7.4 Dodging
 + Level 7.8 Stealth


You had 10 spell levels left.
You didn't know any spells.

Dungeon Overview and Level Annotations

Branches:
Dungeon (8/15)             Temple (0/1) D:6            Lair (0/6) D:8

Altars:
Ashenzari
Cheibriados
Elyvilon
Gozag
Makhleb
Nemelex Xobeh
Okawaru
Qazlal
Uskayaw
Vehumet
Wu Jian
Xom
Lugonu


Innate Abilities, Weirdness & Mutations

You are small and have problems with some larger weapons.
You are somewhat resistant to further mutation.


Message History

Press: ? - help, Shift-Dir - straight line, f/p - cyan ugly thing
Aim: a cyan ugly thing (moderately wounded, covered in acid)
You shoot a stone.
The stone barely misses the cyan ugly thing.
The stone hits the purple ugly thing.
The purple ugly thing is splashed with acid.
The purple ugly thing is lightly wounded.
The small abomination misses you. The small abomination hits you!
* * * LOW HITPOINT WARNING * * *
Firing (i - inventory. (/) - cycle)
i - 125 stones (quivered)
Press: ? - help, Shift-Dir - straight line, f/p - cyan ugly thing
Aim: a cyan ugly thing (moderately wounded, covered in acid)
You shoot a stone. The stone hits the cyan ugly thing!
The cyan ugly thing is splashed with acid.
The acid corrodes the cyan ugly thing!
The cyan ugly thing is heavily wounded.
The purple ugly thing pecks you!
* * * LOW HITPOINT WARNING * * *
The cyan ugly thing closely misses you. The small abomination hits you!
You die...

#.......# ### #.#
#.......# ...( #.#
###.......# ))[. #.#
#.......)## .:_$. #<#
#...)....# #.$$$. ###
#........# ###xx...
####........####{uux###
#............##xxux####
#.......####.##.@u(####
#.......# #.###.u###.#
######'###
#.########©##
#........#
#..######...#
.........#
##.........##
.........# ###########
.........# ..####'###
..## #.#


You could see 5 ugly things and 6 small abominations.

Vanquished Creatures
  Erica (D:8)
  Pikel (D:8)
  An ugly thing (D:8)
  Joseph (D:8)
  Maurice (D:8)
  2 hippogriffs (D:8)
  A water moccasin (D:5)
  2 orc warriors
  A necrophage (D:7)
  2 ice beasts (D:6)
  A sky beast (D:6)
  A phantom (D:4)
  5 ogres
  2 centaurs
  3 bullfrogs
  A gnoll sergeant (D:6)
  A scorpion (D:7)
  3 bullfrog zombies
  A centaur zombie (Ossuary)
  A crimson imp (D:6)
  4 orc priests
  5 hounds
  A centaur skeleton (D:7)
  A human zombie (D:6)
  11 orc wizards
  20 mummies (Ossuary)
  2 iguanas
  3 worker ants
  2 hound zombies
  3 worker ant zombies (Ossuary)
  14 gnolls
  A howler monkey zombie (D:5)
  12 adders
  2 shadow imps
  3 oozes
  5 adder zombies
  3 worms
  3 dart slugs (D:2)
  3 leopard geckos
  17 orcs
  2 ball pythons
  5 giant cockroaches
  6 goblins
  14 hobgoblins
  9 jackals
  3 quokkas
  8 bats
  4 frilled lizards
  8 kobolds
  6 rats
  2 plants (D:6)
214 creatures vanquished.

Vanquished Creatures (others)
  3 withered plants (Ossuary)
3 creatures vanquished.

Grand Total: 217 creatures vanquished

Notes
Turn   | Place    | Note
-------+----------+-------------------------------------------
     0 | D:1      | corax the Halfling Hunter began the quest for the Orb.
     0 | D:1      | Reached XP level 1. HP: 14/14 MP: 1/1
    44 | D:1      | Reached skill level 6 in Slings
   149 | D:1      | Reached XP level 2. HP: 19/19 MP: 2/2
   310 | D:2      | Reached XP level 3. HP: 16/24 MP: 3/3
   363 | D:1      | Identified a +2 pair of boots of running (You found it on level 1 of the Dungeon)
   767 | D:2      | Reached skill level 1 in Short Blades
   965 | D:2      | Reached XP level 4. HP: 29/29 MP: 4/4
  1130 | D:2      | Found a hide-covered altar of Uskayaw.
  1132 | D:2      | Found a radiant altar of Vehumet.
  1132 | D:2      | Found a snail-covered altar of Cheibriados.
  1140 | D:2      | Found an iron altar of Okawaru.
  1140 | D:2      | Found a shimmering altar of Xom.
  1143 | D:2      | Found a white marble altar of Elyvilon.
  1143 | D:2      | Found a stormy altar of Qazlal.
  1166 | D:2      | Became a worshipper of Warmaster Okawaru
  1423 | D:2      | Found a faded altar of an unknown god.
  1423 | D:2      | Found a sparkling altar of Nemelex Xobeh.
  1439 | D:2      | Found an ornate altar of the Wu Jian Council.
  1443 | D:2      | Found a burning altar of Makhleb.
  1444 | D:2      | Found an opulent altar of Gozag.
  1824 | D:3      | Reached skill level 1 in Armour
  1966 | D:3      | Reached XP level 5. HP: 25/34 MP: 5/5
  2057 | D:3      | Found a shattered altar of Ashenzari.
  2305 | D:3      | Reached skill level 7 in Slings
  2889 | D:4      | Got a fine wooden ring
  2891 | D:4      | Identified the ring "Wyzubb" {rCorr rElec Dex+3 Stlth-} (You found it on level 4 of the Dungeon)
  2942 | D:4      | Noticed a phantom
  2981 | D:4      | Killed a phantom
  2981 | D:4      | Reached * piety under Okawaru
  2981 | D:4      | Reached XP level 6. HP: 34/41 MP: 6/6
  3023 | D:4      | Noticed an ogre
  3085 | D:4      | Killed an ogre
  3085 | D:4      | Reached XP level 7. HP: 45/45 MP: 7/7
  3489 | D:5      | Entered Level 5 of the Dungeon
  3614 | D:4      | Found an opulent altar of Gozag.
  3618 | D:5      | Found a shimmering altar of Xom.
  4238 | D:5      | Noticed a water moccasin
  4256 | D:5      | Killed a water moccasin
  4256 | D:5      | Reached skill level 8 in Slings
  4322 | D:5      | Reached XP level 8. HP: 31/52 MP: 8/8
  4513 | D:6      | Reached ** piety under Okawaru
  4629 | D:6      | Found a sand-covered staircase.
  4641 | Ossuary  | Entered an ossuary
  5082 | Ossuary  | Reached XP level 9. HP: 55/58 MP: 9/9
  5108 | Ossuary  | Reached *** piety under Okawaru
  5108 | Ossuary  | Reached skill level 5 in Dodging
  5251 | Ossuary  | Identified a scroll of acquirement
  5252 | Ossuary  | Found the +3 sling "Punk" {acid, rCorr}
  5427 | D:5      | Reached skill level 5 in Short Blades
  5427 | D:5      | Reached skill level 9 in Slings
  5427 | D:5      | Reached skill level 5 in Stealth
  6209 | D:6      | Reached skill level 5 in Armour
  6306 | D:6      | Reached **** piety under Okawaru
  6306 | D:6      | Received a gift from Okawaru
  6733 | D:6      | Reached XP level 10. HP: 65/65 MP: 10/10
  6736 | D:6      | Reached skill level 5 in Fighting
  6740 | D:6      | Found a staircase to the Ecumenical Temple.
  6958 | D:7      | Reached skill level 10 in Slings
  7374 | D:8      | Found a corrupted altar of Lugonu.
  7508 | D:8      | Found a staircase to the Lair.
  7588 | D:8      | Noticed Joseph
  7593 | D:8      | Killed Joseph
  7620 | D:8      | Noticed Pikel
  7625 | D:8      | Killed Pikel
  7625 | D:8      | Reached ***** piety under Okawaru
  7807 | D:8      | Noticed Erica
  7836 | D:8      | Killed Erica
  7860 | D:8      | Found a transporter.
  7866 | D:8      | Noticed Maurice
  7868 | D:8      | Noticed a purple ugly thing
  7869 | D:8      | Noticed a green ugly thing
  7870 | D:8      | Noticed a brown ugly thing
  7872 | D:8      | Noticed a cyan ugly thing
  7872 | D:8      | Killed Maurice
  7872 | D:8      | Received a gift from Okawaru
  7872 | D:8      | Reached skill level 11 in Slings
  7872 | D:8      | Reached XP level 11. HP: 27/72 MP: 11/11
  7873 | D:8      | Noticed a cyan ugly thing
  7875 | D:8      | Noticed a brown ugly thing
  7878 | D:8      | Killed a purple ugly thing
  7885 | D:8      | HP: 1/72 [purple ugly thing (10)]
  7885 | D:8      | Mangled by a small abomination

Vault maps used:
D:1:      dpeg_arrival_line_fractal
D:2:      grunt_temple_overflow_open, chequers_temple_overflow_minitemple,
          roderic_roman_lattice, minmay_stone_trees_small, st_stairs_8
D:3:      lemuel_upstairs_altar
D:4:      grunt_gozag_statues
D:5:      first_ration, xom_teletrap_fun
D:6:      kennysheep_housing_project, minmay_temple_entry_nine_rooms,
          enter_ossuary_3, minmay_strange_pillars
D:7:      minmay_a_box_with_orc_wizards_in_it
D:8:      gammafunk_corrupted_shrine, grunt_livestock, uniq_pikel, uniq_maurice,
          uniq_erica, uniq_joseph
Ossuary:  ossuary_zaba_flooded

Skill      XL: |  1  2  3  4  5  6  7  8  9 10 11 |
---------------+----------------------------------+-----
Slings         | 6 7 8 9 11 | 11.1
Fighting       | 2 3 4 5 6 |  6.0
Short Blades   | 1 2 3 4 6 7 |  7.6
Armour         | 1 2 3 4 5 6 |  6.8
Stealth        | 2 3 4 6 7 |  7.8
Dodging        | 3 4 6 7 |  7.4

Action                   |  1- 3 |  4- 6 |  7- 9 | 10-12 || total
-------------------------+-------+-------+-------+-------++-------
Melee: Short sword       |    42 |    64 |       |       ||   106
       Dagger            |       |    45 |   221 |       ||   266
       Hunting sling     |       |     1 |       |       ||     1
 Fire: Hunting sling     |    51 |   124 |   287 |       ||   462
       Fustibalus        |       |       |    91 |   112 ||   203
  Use: Potion            |       |     4 |     2 |     5 ||    11
       Scroll            |       |       |    16 |       ||    16
 Stab: Sleeping          |     1 |     4 |     2 |       ||     7
       Invisible         |       |     1 |       |       ||     1
  Eat: Chunk             |       |     6 |     6 |     4 ||    16
       Ration            |       |       |     1 |       ||     1
Armor: Leather armour    |    18 |    29 |    44 |     9 ||   100
Dodge: Dodged            |    29 |    90 |   145 |    40 ||   304

Table legend:
 A = Spawn XP
 B = Non-spawn XP
 C = Spawn XP percentage of total XP
 D = Spawn monster count
 E = Non-spawn monster count
 F = Spawn count percentage of total count
 G = Total turns spent on level
                    A         B        C        D         E        F      G
               +---------+---------+-------+---------+---------+-------+---------
         Total |       0 |    8412 |   0.0 |       0 |     212 |   0.0 |  7885
               +---------+---------+-------+---------+---------+-------+---------
           D:1 |       0 |      31 |   0.0 |       0 |      16 |   0.0 |   701
           D:2 |       0 |      81 |   0.0 |       0 |      24 |   0.0 |  1089
           D:3 |       0 |     142 |   0.0 |       0 |      27 |   0.0 |  1056
           D:4 |       0 |     511 |   0.0 |       0 |      21 |   0.0 |  1160
           D:5 |       0 |     486 |   0.0 |       0 |      15 |   0.0 |   977
           D:6 |       0 |    1971 |   0.0 |       0 |      45 |   0.0 |  1247
           D:7 |       0 |     469 |   0.0 |       0 |      16 |   0.0 |   440
           D:8 |       0 |    3956 |   0.0 |       0 |      18 |   0.0 |   563
       Ossuary |       0 |     765 |   0.0 |       0 |      30 |   0.0 |   652
               +---------+---------+-------+---------+---------+-------+---------
